 Dungeon Crawl Stone Soup version 0.28-a0-816-gb054d885db (webtiles) character file.

Game seed: 15587167205657931315

599 emperorscorpion the Magician (level 7, -2/50 HPs)
             Began as a Djinni Cinder Acolyte on Nov 8, 2021.
             Was a Priest of Ignis.
             Killed by divine providence
             ... invoked by an orc priest
              (11 damage)
             ... on level 5 of the Dungeon.
             The game lasted 00:09:14 (4545 turns).

emperorscorpion the Magician (DjCA)                 Turns: 4545, Time: 00:09:14

Health: -2/50      AC:  4    Str: 13    XL:     7   Next: 68%
Gold:   224        EV: 11    Int: 18    God:    Ignis [***...] SH:  0 Dex:  8

rFire   + + +      SeeInvis .   a - +1 falchion (flame)
rCold   . . .      Faith    .   (no shield)
rNeg    . . .      Spirit   .   b - +1 robe
rPois   ∞          Reflect  .   (no helmet)
rElec   +          Harm     .   h - +0 cloak
rCorr   +          Rampage  .   (no gloves)
Will    .....                   (boots unavailable)
Stlth   +.........              (no amulet)
HPRegen 0.16/turn               (no ring)
MPRegen 0.00/turn               (no ring)

@: resistant, flying
A: sickness immunity, fire resistance 2, cold vulnerability 1, float, innate
caster, hp casting, extra vitality 1
a: Renounce Religion, Sea of Fire, Foxfire Swarm, Rising Flame


You were on level 5 of the Dungeon.
You worshipped Ignis.
Ignis was most pleased with you.
You visited 1 branch of the dungeon, and saw 6 of its levels.

You collected 224 gold pieces.

Inventory:

Hand Weapons
 a - a +1 falchion of flaming (weapon)
 c - a +0 hunting sling
 i - a +0 war axe
Missiles
 d - 3 boomerangs
 f - 99 stones
 g - 5 atropa-tipped darts
Armour
 b - a +1 robe (worn)
 h - a +0 cloak (worn)
Scrolls
 e - a scroll of magic mapping


   Skills:
 + Level 3.3 Fighting
 + Level 3.0 Long Blades
 + Level 0.6 Dodging
 - Level 0.4 Stealth
 + Level 6.1 Spellcasting


You had 10 spell levels left.
You knew the following spells:

 Your Spells              Type           Power      Damage    Failure   Level
a - Scorch                Fire           54%        2d7       1%          2
b - Shock                 Conj/Air       100%       1d9       1%          1
c - Static Discharge      Conj/Air       27%        N/A       1%          2
d - Dazzling Flash        Conj/Hex       54%        N/A       2%          3
Your spell library was empty.

Dungeon Overview and Level Annotations

Branches:
Dungeon (6/15)
 Temple: D:4-7

Altars:


Innate Abilities, Weirdness & Mutations

You are immune to sickness and miasma.
You are immune to poison.
Your flesh is very heat resistant. (rF++)
You are vulnerable to cold. (rC-)
You float through the air rather than walking.
You learn spells naturally, not from books.
Your magical power is your life essence.
You have superior vitality. (+4 HP)


Message History

Flames lash the orc.
The orc is almost dead.
The orc's fire resistance burns away.
Unknown command.
Casting: Scorch (safe; 1% risk of failure)
Confirm with . or Enter, or press ? or * to list all spells.
Flames lash the centaur skeleton.
The centaur skeleton is moderately damaged.
The centaur skeleton's fire resistance burns away.
The orc hits you with a +0 flail!
* * * LOW HITPOINT WARNING * * *
The orc priest barely misses you.
Unknown command.
Casting: Scorch (safe; 1% risk of failure)
Confirm with . or Enter, or press ? or * to list all spells.
Flames lash the orc.
The orc is burned terribly!
You kill the orc!
* * * LOW HITPOINT WARNING * * *
The orc priest hits you with a +0 flail.
* * * LOW HITPOINT WARNING * * *
Unknown command.
Casting: Scorch (safe; 1% risk of failure)
Confirm with . or Enter, or press ? or * to list all spells.
Flames lash the centaur skeleton.
The centaur skeleton is burned terribly!
The centaur skeleton is severely damaged.
* * * LOW HITPOINT WARNING * * *
The orc priest is no longer more vulnerable to fire.
The centaur skeleton barely misses you. x2
The orc priest casts a cantrip, but nothing happens.
The centaur skeleton barely misses you.
The centaur skeleton kicks you but does no damage.
Unknown command.
Unknown command.
It was a potion of resistance.
You feel protected.
The centaur skeleton closely misses you. x2
The orc priest calls down the wrath of Beogh upon you.
Beogh smites you!
You die...

#....# #....÷..#
#....# #.......#
#....# #.......#
#####....# #.......#
#......!.####.....###
#.........)......>#
#$.......##########
######........+
.........@....#
........oZ....#.#
.....).).........#
.....)).......#..#
.....††...$...#..#
.....)..##....# .#
#....########## ##
..... #...


You could see an orc priest and a centaur skeleton (combustible).

Vanquished Creatures
  A shadow (D:5)
  An ogre (D:5)
  A bullfrog (D:4)
  A water moccasin zombie (D:6)
  A jelly (D:6)
  A bullfrog skeleton (D:6)
  An orc wizard (D:5)
  5 adders
  3 gnolls (D:5)
  A worm (D:2)
  2 dart slugs (D:1)
  3 orcs (D:5)
  2 bats
  9 endoplasms
  5 giant cockroaches
  9 goblins
  7 hobgoblins
  7 jackals
  5 kobolds
  6 quokkas
  4 ball pythons
  4 frilled lizards
  3 rats
82 creatures vanquished.

Vanquished Creatures (others)
  72 foxfires (D:5)
72 creatures vanquished.

Grand Total: 154 creatures vanquished

Notes
Turn   | Place    | Note
-------+----------+-------------------------------------------
     0 | D:1      | emperorscorpion the Djinni Cinder Acolyte began the quest
                  | for the Orb.
     0 | D:1      | Reached XP level 1. HP: 20/20 MP: 0/0
   328 | D:1      | Reached XP level 2. HP: 23/25 MP: 0/0
   850 | D:1      | Reached XP level 3. HP: 19/30 MP: 0/0
   850 | D:1      | Learned a level 1 spell: Shock
  1458 | D:1      | Reached skill level 3 in Spellcasting
  2051 | D:2      | Reached XP level 4. HP: 29/35 MP: 0/0
  3638 | D:4      | Reached XP level 5. HP: 39/40 MP: 0/0
  3638 | D:4      | Learned a level 2 spell: Static Discharge
  3715 | D:4      | Noticed a bullfrog
  3719 | D:4      | Killed a bullfrog
  3720 | D:4      | Reached skill level 4 in Spellcasting
  4034 | D:4      | You are sucked into a shaft and drop 2 floors!
  4056 | D:6      | Reached XP level 6. HP: 32/46 MP: 0/0
  4280 | D:5      | Entered Level 5 of the Dungeon
  4307 | D:5      | Reached skill level 5 in Spellcasting
  4335 | D:5      | Noticed an ogre
  4340 | D:5      | Killed an ogre
  4341 | D:5      | Reached XP level 7. HP: 22/50 MP: 0/0
  4341 | D:5      | Learned a level 3 spell: Dazzling Flash
  4529 | D:5      | Noticed a shadow
  4538 | D:5      | Killed a shadow
  4539 | D:5      | Reached skill level 6 in Spellcasting
  4545 | D:5      | Killed from afar by an orc priest

Illustrated notes

Levels and vault maps discovered:
D:1:      saegor_arrival_simple_d, layout_basic, chequers_serial_rivers_small_a
D:2:      layout_loops_cross, fountainhead
D:3:      layout_basic
D:4:      layout_loops_cross, minmay_misc_feat_chi
D:5:      layout_basic, serial_curves, eino_curves_04, eino_curves_02,
          eino_curves_03, uniq_menkaure
D:6:      gammafunk_steamed_eel, layout_basic,
          minmay_temple_entry_enclosed_plants, uniq_sigmund, uniq_edmund

Skill      XL: |  1  2  3  4  5  6  7 |
---------------+----------------------+-----
Long Blades    | 3 |  3.0
Spellcasting   | 3 4 5 6 |  6.1
Fighting       | |  3.3
Dodging        | |  0.6
Stealth        | |  0.4

Action                   |  1- 3 |  4- 6 |  7- 9 || total
-------------------------+-------+-------+-------++-------
Melee: Falchion          |    17 |       |       ||    17
 Cast: Scorch            |    39 |    31 |     5 ||    75
       Shock             |     2 |    40 |       ||    42
Invok: Foxfire Swarm     |       |       |     4 ||     4
  Use: Scroll            |     2 |     7 |       ||     9
       Potion            |       |     3 |     1 ||     4
Armor: Robe              |     4 |     2 |     1 ||     7
Dodge: Dodged            |    17 |     7 |     6 ||    30

Table legend: (Time is in decaauts)
 A = Elapsed time spent in this place.
 B = Non-inter-level travel time spent in this place.
 C = Inter-level travel time spent in this place.
 D = Time resting spent in this place.
 E = Time spent auto-exploring this place.
 F = Levels seen in this place.
 G = Mean time per level.
                   A        B        C        D        E       F      G
               +--------+--------+--------+--------+--------+-----+--------+
         Total |   4547 |   4447 |    100 |    844 |   3191 |   6 |  757.8 |
       Dungeon |   4547 |   4447 |    100 |    844 |   3191 |   6 |  757.8 |
               +--------+--------+--------+--------+--------+-----+--------+

Top non-repeatable levels by time:
     D:1: 1755 daAuts
     D:2: 896 daAuts
     D:3: 877 daAuts
     D:4: 506 daAuts
     D:5: 264 daAuts
     D:6: 245 daAuts
